 Dungeon Sprint DCSS version 0.24-a0-250-g6074511092 (webtiles) character file.

Game seed: 15824410172618412863

3637 Redear the Thaumaturge (level 10, -1/82 HPs)
             Began as a Gnoll Skald on Apr 15, 2019.
             Was a High Priest of Makhleb.
             Killed from afar by a deep elf mage (28 damage)
             ... with a shard of ice
             ... in the Dungeon (Sprint V: "Ziggurat Sprint").
             The game lasted 00:04:29 (350 turns).

Redear the Thaumaturge (Gnoll Skald)                 Turns: 350, Time: 00:04:30

Health: -1/82      AC: 28    Str: 19    XL:     10   Next: 11%
Magic:  16/23      EV:  3    Int: 20    God:    Makhleb [*****.]
Gold:   0          SH: 29    Dex: 14    Spells: 24/27 levels left

rFire    . . .     SeeInvis .   F - +6 shillelagh "Devastator" {shatter}
rCold    . . .     Gourm    .   y - +18 shield of the Gong {rElec rN+ MR+ EV-5}
rNeg     + . .     Faith    .   x - +15 Maxwell's patent armour {-Cast -Tele rElec MR+ rCorr}
rPois    +         Spirit   .   (no helmet)
rElec    +         Reflect  .   (no cloak)
rCorr    +         Harm     .   (no gloves)
MR       ++...     NoTele   +   (no boots) Stlth ..........NoCast +
                                (no amulet)
HPRegen  0.23/turn              O - ring "Fyumefim" {Wiz rPois}
MPRegen  0.18/turn              u - +6 ring of strength

@: lightly drained
A: distributed training, fangs 1, strong nose
a: Minor Destruction, Lesser Servant of Makhleb, Major Destruction, Greater
Servant of Makhleb, Renounce Religion


You were in the Dungeon.
You worshipped Makhleb.
Makhleb was extremely pleased with you.
You were not hungry.

You visited 1 branch

Inventory:

Hand Weapons
 w - the cursed +14 obsidian axe {chop, +Fly SInv *Curse}
   (You found it in the Dungeon)

   It inflicts extra damage upon your enemies.
   It lets you see invisible.
   It lets you fly.
   It curses itself when equipped.
   It has a curse placed upon it.
 C - the +6 Majin-Bo {vamp, Archmagi MP+6 Int+6, !w}
   (You found it in the Dungeon)

   It inflicts no extra harm, but heals its wielder when it wounds a living foe.
   It affects your intelligence (+6).
   It affects your magic capacity (+6).
 D - the +7 Singing Sword {slice, sonic wave}
   (You found it in the Dungeon)

   It inflicts extra damage upon your enemies.
 E - the +8 lance "Wyrmbane" {slay drac, rPois rF+ rC+ AC+3}
   (You found it in the Dungeon)

   It affects your AC (+3).
   It protects you from fire.
   It protects you from cold.
   It protects you from poison.
 F - the +6 shillelagh "Devastator" (weapon) {shatter}
   (You found it in the Dungeon)
Armour
 a - a +3 large shield
 b - a +3 shield
 x - the +15 Maxwell's patent armour (worn) {-Cast -Tele rElec MR+ rCorr}
   (You found it in the Dungeon)

   It insulates you from electricity.
   It affects your resistance to hostile enchantments.
   It prevents spellcasting.
   It prevents most forms of teleportation.
   It provides partial protection from all sources of acid and corrosion.
 y - the +18 shield of the Gong (worn) {rElec rN+ MR+ EV-5}
   (You found it in the Dungeon)

   It affects your evasion (-5).
   It insulates you from electricity.
   It protects you from negative energy.
   It affects your resistance to hostile enchantments.
 G - +5 fire dragon scales
 J - +5 gold dragon scales
 K - +5 ice dragon scales
 L - +5 storm dragon scales
Jewellery
 g - the ring "Heuzu" {*Drain +Blink rC+ Int+6}
   (You found it in the Dungeon)

   [ring of protection from cold]

   It affects your intelligence (+6).
   It protects you from cold.
   It lets you blink.
   It causes draining when unequipped.
 q - a +6 ring of dexterity
 r - a +6 ring of dexterity
 s - a +6 ring of intelligence
 t - a +6 ring of intelligence
 u - a +6 ring of strength (right hand)
 v - a +6 ring of strength
 O - the ring "Fyumefim" (left hand) {Wiz rPois}
   (You found it in the Dungeon)

   [ring of wizardry]

   It improves your spell success rate.
   It protects you from poison.
 P - the ring "Galoipid" {rCorr -Tele *Contam rElec rPois}
   (You found it in the Dungeon)

   [ring of resist corrosion]

   It insulates you from electricity.
   It protects you from poison.
   It prevents most forms of teleportation.
   It causes magical contamination when unequipped.
Wands
 p - a wand of disintegration (7)
 A - a wand of acid (7)
 I - a wand of iceblast (7)
Scrolls
 l - 4 scrolls of amnesia
 m - 7 scrolls of fog
 n - a scroll of holy word
 o - 2 scrolls of fear
 B - 4 scrolls of blinking {@r4}
 M - a scroll of brand weapon
 N - 5 scrolls of remove curse
 R - 5 scrolls of identify
Potions
 c - 2 potions of brilliance {Archmagi Int+5 Wiz++}
 d - 2 potions of invisibility
 e - 4 potions of resistance {rF+ rC+ rPois rElec rCorr}
 f - 10 potions of heal wounds {@q1}
 h - 7 potions of magic
 i - 3 potions of berserk rage
 j - 5 potions of agility {Stlth+ Dex+5 EV+5 | @q4}
 k - 5 potions of might {Str+5 DMG+1d10 | @q3}
 H - 6 potions of haste {@q5}
 Q - 10 potions of curing {@q2}
Comestibles
 z - 7 rations


   Skills:
 + Level 8.9(8.5) Fighting
 + Level 7.5(7.2) Short Blades
 + Level 7.5(7.2) Long Blades
 + Level 8.9(8.5) Axes
 + Level 7.5(7.2) Maces & Flails
 + Level 7.5(7.2) Polearms
 + Level 7.5(7.2) Staves
 + Level 7.5(7.2) Slings
 + Level 7.5(7.2) Bows
 + Level 7.5(7.2) Crossbows
 + Level 7.5(7.2) Throwing
 + Level 8.0(7.6) Armour
 + Level 8.9(8.5) Dodging
 + Level 7.5(7.2) Stealth
 + Level 7.5(7.2) Shields
 + Level 7.5(7.2) Unarmed Combat
 + Level 9.1(8.7) Spellcasting
 + Level 6.3(5.9) Conjurations
 + Level 6.3(5.9) Hexes
 + Level 8.4(8.0) Charms
 + Level 6.3(5.9) Summonings
 + Level 6.3(5.9) Necromancy
 + Level 6.3(5.9) Translocations
 + Level 6.3(5.9) Transmutations
 + Level 6.3(5.9) Fire Magic
 + Level 6.3(5.9) Ice Magic
 + Level 6.3(5.9) Air Magic
 + Level 6.3(5.9) Earth Magic
 + Level 6.3(5.9) Poison Magic
 + Level 8.3(7.9) Invocations
 + Level 7.5(7.2) Evocations


You had 24 spell levels left.
You knew the following spells:

 Your Spells              Type           Power        Failure   Level  Hunger
y - Song of Slaying       Chrm           #####...     12%         2    None
z - Infusion              Chrm           ####         8%          1    None

Your spell library contained the following spells:

 Spells                   Type           Power        Failure   Level  Hunger
 Shroud of Golubria       Chrm/Tloc      #####.....   17%         2    None
 Corpse Rot               Necr           N/A          26%         2    None
 Sublimation of Blood     Necr           ####......   26%         2    None
 Regeneration             Chrm/Necr      #####.....   32%         3    None
 Spectral Weapon          Hex/Chrm       #####...     32%         3    None
 Recall                   Summ/Tloc      N/A          45%         3    None
 Animate Dead             Necr           N/A          85%         4    ###....
 Cause Fear               Hex            ####......   85%         4    ###....
 Excruciating Wounds      Chrm/Necr      #####.....   95%         5    #####..
 Agony                    Necr           ####....     99%         5    #####..
 Bolt of Draining         Conj/Necr      ####......   99%         5    #####..
 Borgnjor's Vile Clutch   Necr/Erth      ####......   99%         5    #####..
 Dispel Undead            Necr           ####....     99%         5    #####..
 Silence                  Hex/Air        ####......   99%         5    #####..
 Yara's Violent Unravell  Hex/Tmut       ####......   99%         5    #####..
 Death Channel            Necr           ####......   100%        6    ######.
 Deflect Missiles         Chrm/Air       #####.....   100%        6    ######.
 Simulacrum               Ice/Necr       ####......   100%        6    ######.
 Malign Gateway           Summ/Tloc      ####......   100%        7    #######
 Monstrous Menagerie      Summ           ####......   100%        7    #######
 Summon Greater Demon     Summ           ####......   100%        7    #######
 Discord                  Hex            ####......   100%        8    #######
 Summon Horrible Things   Summ           ####......   100%        8    #######


Dungeon Overview and Level Annotations

Branches:
Dungeon (1/1)

Altars:
Ashenzari
Cheibriados
Dithmenos
Elyvilon
Fedhas
Gozag
Hepliaklqana
Kikubaaqudgha
Makhleb
Nemelex Xobeh
Okawaru
Qazlal
Ru
Sif Muna
Trog
Uskayaw
Vehumet
Wu Jian
Xom
Yredelemnul
Zin
The Shining One
Beogh
Jiyva
Lugonu

Annotations:
D 1 transporter


Innate Abilities, Weirdness & Mutations

Your experience applies equally to all skills.
You have very sharp teeth.
Your uncanny sense of smell can sniff out nearby items.


Message History

You block the deep elf mage's attack.
GONNNNG!
The +1 long sword of draining completely misses you.
The deep elf mage gestures wildly while chanting.
You block the earth elemental's attack.
BONNNG!
Unknown command.
You hit the deep elf mage.
There is a shattering impact!
The deep elf mage is moderately wounded.
The +1 long sword of draining is moderately damaged.
The deep elf archer is moderately wounded.
The ice beast is severely wounded.
The eye of draining is lightly wounded.
The earth elemental is severely damaged.
The deep elf mage is moderately wounded.
You block the +1 long sword of draining's attack.
SHROANNG!
The deep elf mage casts a spell at you. The shard of ice hits you!!
You die...

▓...©...▓
▓▓▓▓▓▓▓▓▓
▓..8©8..▓
∆∆
▓..=)[..▓
▓..))...▓
▓.......▓
▓...k...▓
▓..e(EG.▓
▓...@eY.▓
▓.▓..e▓.▓
▓...©...▓
▓▓▓▓▓▓▓▓▓
∆∆∆∆∆
∆∆∆∆


You could see a wind drake shaped shifter, a deep elf archer, an earth
elemental, 2 deep elf magi, an eye of draining, an ice beast and a +1 long sword
of draining.

Vanquished Creatures
  An ugly thing (D)
  2 yaktaurs (D)
  A jumping spider (D)
  An acid dragon (shapeshifter) (D)
  A water moccasin (shapeshifter) (D)
  A porcupine (shapeshifter) (D)
  2 centaurs (D)
  2 scorpions (D)
  A wight (D)
  2 crimson imps (D)
  A quasit (D)
  A white imp (D)
  An ufetubus (D)
  An adder zombie (D)
  2 adder skeletons (D)
  A bat skeleton (D)
  3 jackal zombies (D)
24 creatures vanquished.

Notes
Turn   | Place    | Note
-------+----------+-------------------------------------------
     0 | D        | Found the +6 Majin-Bo {vamp, Archmagi MP+6 Int+6}
     0 | D        | Found the +7 great mace "Firestarter" {inner flame, rF++}
     0 | D        | Redear the Gnoll Skald began the quest for the Orb.
     0 | D        | Reached XP level 1. HP: 20/20 MP: 6/6
     0 | D        | Found a deep blue altar of Sif Muna.
     0 | D        | Found a bloodstained altar of Trog.
     0 | D        | Found a sacrificial altar of Ru.
     0 | D        | Found a stormy altar of Qazlal.
     0 | D        | Found an iron altar of Okawaru.
     1 | D        | Found a sparkling altar of Nemelex Xobeh.
     1 | D        | Found a blossoming altar of Fedhas.
     2 | D        | Found a transporter.
     2 | D        | Found an ancient bone altar of Kikubaaqudgha.
     2 | D        | Found a viscous altar of Jiyva.
     2 | D        | Found a corrupted altar of Lugonu.
     2 | D        | Found a hazy altar of Hepliaklqana.
     2 | D        | Found a burning altar of Makhleb.
     2 | D        | Found an opulent altar of Gozag.
    28 | D        | Found the +9 heavy crossbow "Sniper" {velocity, Acc+∞ SInv}
    28 | D        | Found the +10 dark maul {crush}
    28 | D        | Found the +15 Maxwell's patent armour {-Cast -Tele rElec
                  | MR+ rCorr}
    28 | D        | Found the +18 shield of the Gong {rElec rN+ MR+ EV-5}
    28 | D        | Found the cursed +14 obsidian axe {chop, +Fly SInv *Curse}
    34 | D        | Found the +6 shillelagh "Devastator" {shatter}
    34 | D        | Found the +11 plutonium sword {*Contam Stlth-}
    34 | D        | Found the +8 lance "Wyrmbane" {slay drac, rPois rF+ rC+
                  | AC+3}
    34 | D        | Found the +9 sword of Zonguldrok {reap}
    34 | D        | Found the cursed +13 scythe of Curses {drain, *Curse}
    34 | D        | Found the +0 sword of Power
    34 | D        | Found the +7 mace of Variability {chain chaos}
    34 | D        | Found the +7 Singing Sword {slice, sonic wave}
    34 | D        | Found the +7 longbow "Piercer" {penet, EV-2}
   127 | D        | Became a worshipper of Makhleb the Destroyer
   172 | D        | Entered arena 2.
   172 | D        | Found a transporter.
   183 | D        | Entered arena 3.
   183 | D        | Noticed a scorpion
   183 | D        | Noticed a jumping spider
   183 | D        | Noticed a scorpion
   183 | D        | Found a transporter.
   189 | D        | Killed a scorpion
   189 | D        | Reached * piety under Makhleb
   189 | D        | Reached skill level 5 in Fighting
   189 | D        | Reached skill level 2 in Short Blades
   189 | D        | Reached skill level 2 in Long Blades
   189 | D        | Reached skill level 5 in Axes
   189 | D        | Reached skill level 2 in Maces & Flails
   189 | D        | Reached skill level 2 in Polearms
   189 | D        | Reached skill level 2 in Staves
   189 | D        | Reached skill level 2 in Slings
   189 | D        | Reached skill level 2 in Bows
   189 | D        | Reached skill level 2 in Crossbows
   189 | D        | Reached skill level 2 in Throwing
   189 | D        | Reached skill level 3 in Armour
   189 | D        | Reached skill level 5 in Dodging
   189 | D        | Reached skill level 2 in Stealth
   189 | D        | Reached skill level 2 in Shields
   189 | D        | Reached skill level 2 in Unarmed Combat
   189 | D        | Reached skill level 5 in Spellcasting
   189 | D        | Reached skill level 1 in Conjurations
   189 | D        | Reached skill level 1 in Hexes
   189 | D        | Reached skill level 1 in Summonings
   189 | D        | Reached skill level 1 in Necromancy
   189 | D        | Reached skill level 1 in Translocations
   189 | D        | Reached skill level 1 in Transmutations
   189 | D        | Reached skill level 1 in Fire Magic
   189 | D        | Reached skill level 1 in Ice Magic
   189 | D        | Reached skill level 1 in Air Magic
   189 | D        | Reached skill level 1 in Earth Magic
   189 | D        | Reached skill level 1 in Poison Magic
   189 | D        | Reached skill level 2 in Invocations
   189 | D        | Reached skill level 2 in Evocations
   189 | D        | Reached XP level 2. HP: 27/27 MP: 8/8
   189 | D        | Reached XP level 3. HP: 33/33 MP: 9/9
   190 | D        | Killed a scorpion
   190 | D        | Reached skill level 2 in Conjurations
   190 | D        | Reached skill level 2 in Hexes
   190 | D        | Reached skill level 6 in Charms
   190 | D        | Reached skill level 2 in Summonings
   190 | D        | Reached skill level 2 in Necromancy
   190 | D        | Reached skill level 2 in Translocations
   190 | D        | Reached skill level 2 in Transmutations
   190 | D        | Reached skill level 2 in Fire Magic
   190 | D        | Reached skill level 2 in Ice Magic
   190 | D        | Reached skill level 2 in Air Magic
   190 | D        | Reached skill level 2 in Earth Magic
   190 | D        | Reached skill level 2 in Poison Magic
   190 | D        | Reached skill level 3 in Invocations
   190 | D        | Reached XP level 4. HP: 39/39 MP: 9/11
   198 | D        | Killed a jumping spider
   198 | D        | Reached skill level 6 in Fighting
   198 | D        | Reached skill level 4 in Short Blades
   198 | D        | Reached skill level 4 in Long Blades
   198 | D        | Reached skill level 6 in Axes
   198 | D        | Reached skill level 4 in Maces & Flails
   198 | D        | Reached skill level 4 in Polearms
   198 | D        | Reached skill level 4 in Staves
   198 | D        | Reached skill level 4 in Slings
   198 | D        | Reached skill level 4 in Bows
   198 | D        | Reached skill level 4 in Crossbows
   198 | D        | Reached skill level 4 in Throwing
   198 | D        | Reached skill level 5 in Armour
   198 | D        | Reached skill level 6 in Dodging
   198 | D        | Reached skill level 4 in Stealth
   198 | D        | Reached skill level 4 in Shields
   198 | D        | Reached skill level 4 in Unarmed Combat
   198 | D        | Reached skill level 6 in Spellcasting
   198 | D        | Reached skill level 3 in Conjurations
   198 | D        | Reached skill level 3 in Hexes
   198 | D        | Reached skill level 3 in Summonings
   198 | D        | Reached skill level 3 in Necromancy
   198 | D        | Reached skill level 3 in Translocations
   198 | D        | Reached skill level 3 in Transmutations
   198 | D        | Reached skill level 3 in Fire Magic
   198 | D        | Reached skill level 3 in Ice Magic
   198 | D        | Reached skill level 3 in Air Magic
   198 | D        | Reached skill level 3 in Earth Magic
   198 | D        | Reached skill level 3 in Poison Magic
   198 | D        | Reached skill level 4 in Invocations
   198 | D        | Reached skill level 4 in Evocations
   198 | D        | Reached XP level 5. HP: 39/47 MP: 11/14
   198 | D        | Reached XP level 6. HP: 45/53 MP: 11/15
   206 | D        | Entered arena 4.
   206 | D        | Noticed a yaktaur
   206 | D        | Noticed a yaktaur
   206 | D        | Found a transporter.
   209 | D        | Reached ** piety under Makhleb
   209 | D        | Reached skill level 7 in Spellcasting
   209 | D        | Reached skill level 4 in Conjurations
   209 | D        | Reached skill level 4 in Hexes
   209 | D        | Reached skill level 4 in Summonings
   209 | D        | Reached skill level 4 in Necromancy
   209 | D        | Reached skill level 4 in Translocations
   209 | D        | Reached skill level 4 in Transmutations
   209 | D        | Reached skill level 4 in Fire Magic
   209 | D        | Reached skill level 4 in Ice Magic
   209 | D        | Reached skill level 4 in Air Magic
   209 | D        | Reached skill level 4 in Earth Magic
   209 | D        | Reached skill level 4 in Poison Magic
   209 | D        | Reached skill level 5 in Invocations
   211 | D        | Reached skill level 5 in Short Blades
   211 | D        | Reached skill level 5 in Long Blades
   211 | D        | Reached skill level 5 in Maces & Flails
   211 | D        | Reached skill level 5 in Polearms
   211 | D        | Reached skill level 5 in Staves
   211 | D        | Reached skill level 5 in Slings
   211 | D        | Reached skill level 5 in Bows
   211 | D        | Reached skill level 5 in Crossbows
   211 | D        | Reached skill level 5 in Throwing
   211 | D        | Reached skill level 5 in Stealth
   211 | D        | Reached skill level 5 in Shields
   211 | D        | Reached skill level 5 in Unarmed Combat
   211 | D        | Reached skill level 7 in Charms
   211 | D        | Reached skill level 5 in Evocations
   211 | D        | Reached XP level 7. HP: 36/59 MP: 12/17
   212 | D        | Killed a yaktaur
   212 | D        | Reached skill level 7 in Fighting
   212 | D        | Reached skill level 7 in Axes
   212 | D        | Reached skill level 6 in Armour
   212 | D        | Reached skill level 7 in Dodging
   212 | D        | Reached skill level 6 in Invocations
   213 | D        | Killed a yaktaur
   213 | D        | Reached skill level 6 in Short Blades
   213 | D        | Reached skill level 6 in Long Blades
   213 | D        | Reached skill level 6 in Maces & Flails
   213 | D        | Reached skill level 6 in Polearms
   213 | D        | Reached skill level 6 in Staves
   213 | D        | Reached skill level 6 in Slings
   213 | D        | Reached skill level 6 in Bows
   213 | D        | Reached skill level 6 in Crossbows
   213 | D        | Reached skill level 6 in Throwing
   213 | D        | Reached skill level 6 in Stealth
   213 | D        | Reached skill level 6 in Shields
   213 | D        | Reached skill level 6 in Unarmed Combat
   213 | D        | Reached skill level 8 in Spellcasting
   213 | D        | Reached skill level 5 in Conjurations
   213 | D        | Reached skill level 5 in Hexes
   213 | D        | Reached skill level 5 in Summonings
   213 | D        | Reached skill level 5 in Necromancy
   213 | D        | Reached skill level 5 in Translocations
   213 | D        | Reached skill level 5 in Transmutations
   213 | D        | Reached skill level 5 in Fire Magic
   213 | D        | Reached skill level 5 in Ice Magic
   213 | D        | Reached skill level 5 in Air Magic
   213 | D        | Reached skill level 5 in Earth Magic
   213 | D        | Reached skill level 5 in Poison Magic
   213 | D        | Reached skill level 6 in Evocations
   213 | D        | Reached XP level 8. HP: 63/68 MP: 14/20
   216 | D        | Got the ring "Fyumefim" {Wiz rPois}
   234 | D        | Entered arena 5.
   234 | D        | Noticed a green ugly thing
   234 | D        | Found a transporter.
   236 | D        | Reached *** piety under Makhleb
   240 | D        | Killed a green ugly thing
   240 | D        | Reached skill level 8 in Fighting
   240 | D        | Reached skill level 8 in Axes
   240 | D        | Reached skill level 7 in Armour
   240 | D        | Reached skill level 8 in Dodging
   240 | D        | Reached skill level 7 in Invocations
   247 | D        | Reached skill level 8 in Charms
   251 | D        | Reached skill level 7 in Short Blades
   251 | D        | Reached skill level 7 in Long Blades
   251 | D        | Reached skill level 7 in Maces & Flails
   251 | D        | Reached skill level 7 in Polearms
   251 | D        | Reached skill level 7 in Staves
   251 | D        | Reached skill level 7 in Slings
   251 | D        | Reached skill level 7 in Bows
   251 | D        | Reached skill level 7 in Crossbows
   251 | D        | Reached skill level 7 in Throwing
   251 | D        | Reached skill level 7 in Stealth
   251 | D        | Reached skill level 7 in Shields
   251 | D        | Reached skill level 7 in Unarmed Combat
   251 | D        | Reached skill level 7 in Evocations
   251 | D        | Reached XP level 9. HP: 67/75 MP: 21/21
   256 | D        | Got the ring "Galoipid" {rCorr -Tele *Contam rElec rPois}
   274 | D        | Learned a level 2 spell: Song of Slaying
   281 | D        | Entered arena 6.
   281 | D        | Found a transporter.
   284 | D        | Reached **** piety under Makhleb
   303 | D        | Reached ***** piety under Makhleb
   316 | D        | Entered arena 7.
   317 | D        | Found a transporter.
   329 | D        | Reached skill level 8 in Armour
   329 | D        | Reached skill level 9 in Spellcasting
   329 | D        | Reached skill level 6 in Conjurations
   329 | D        | Reached skill level 6 in Hexes
   329 | D        | Reached skill level 6 in Summonings
   329 | D        | Reached skill level 6 in Necromancy
   329 | D        | Reached skill level 6 in Translocations
   329 | D        | Reached skill level 6 in Transmutations
   329 | D        | Reached skill level 6 in Fire Magic
   329 | D        | Reached skill level 6 in Ice Magic
   329 | D        | Reached skill level 6 in Air Magic
   329 | D        | Reached skill level 6 in Earth Magic
   329 | D        | Reached skill level 6 in Poison Magic
   329 | D        | Reached skill level 8 in Invocations
   329 | D        | Reached XP level 10. HP: 82/82 MP: 21/23
   334 | D        | Got the ring "Heuzu" {*Drain +Blink rC+ Int+6}
   340 | D        | Entered arena 8.
   340 | D        | Noticed a +1 long sword of draining
   340 | D        | Noticed a deep elf mage
   340 | D        | Noticed an anaconda
   340 | D        | Noticed a deep elf archer
   340 | D        | Noticed a deep elf mage
   341 | D        | Found a transporter.
   341 | D        | Noticed a shining eye
   341 | D        | an anaconda changed into a shining eye
   343 | D        | Noticed a lindwurm
   343 | D        | a shining eye changed into a lindwurm
   346 | D        | a lindwurm changed into a wind drake
   350 | D        | Killed from afar by a deep elf mage

Levels and vault maps discovered:
D:        sprint_v [room_start, room_1, room_2, room_3, room_4, room_5, room_6,
          room_7, room_8, room_9, room_10, room_11, room_12, room_13, room_14,
          room_15, room_16, room_17, room_18, room_19, room_20, room_21,
          room_22, room_23, room_24, room_25, room_26, room_27]

Skill      XL: |  1  2  3  4  5  6  7  8  9 |
---------------+----------------------------+-----
Fighting       | 5 6 7 8 |  8.9
Short Blades   | 2 4 5 6 7 |  7.5
Long Blades    | 2 4 5 6 7 |  7.5
Axes           | 5 6 7 8 |  8.9
Maces & Flails | 2 4 5 6 7 |  7.5
Polearms       | 2 4 5 6 7 |  7.5
Staves         | 2 4 5 6 7 |  7.5
Slings         | 2 4 5 6 7 |  7.5
Bows           | 2 4 5 6 7 |  7.5
Crossbows      | 2 4 5 6 7 |  7.5
Throwing       | 2 4 5 6 7 |  7.5
Armour         | 3 5 6 7 8 |  8.0
Dodging        | 5 6 7 8 |  8.9
Stealth        | 2 4 5 6 7 |  7.5
Shields        | 2 4 5 6 7 |  7.5
Unarmed Combat | 2 4 5 6 7 |  7.5
Spellcasting   | 5 6 7 8 9 |  9.1
Conjurations   | 1 2 3 4 5 6 |  6.3
Hexes          | 1 2 3 4 5 6 |  6.3
Summonings     | 1 2 3 4 5 6 |  6.3
Necromancy     | 1 2 3 4 5 6 |  6.3
Translocations | 1 2 3 4 5 6 |  6.3
Transmutations | 1 2 3 4 5 6 |  6.3
Fire Magic     | 1 2 3 4 5 6 |  6.3
Ice Magic      | 1 2 3 4 5 6 |  6.3
Air Magic      | 1 2 3 4 5 6 |  6.3
Earth Magic    | 1 2 3 4 5 6 |  6.3
Poison Magic   | 1 2 3 4 5 6 |  6.3
Invocations    | 2 3 4 5 6 7 8 |  8.3
Evocations     | 2 4 5 6 7 |  7.5
Charms         | 6 7 8 |  8.4

Action                   |  1- 3 |  4- 6 |  7- 9 | 10-12 || total
-------------------------+-------+-------+-------+-------++-------
Melee: Shillelagh        |     7 |     6 |    37 |     8 ||    58
       Bite              |       |     1 |     6 |       ||     7
  Use: Potion            |       |       |     1 |       ||     1
Armor: Plate armour      |     5 |     6 |    16 |     4 ||    31
Dodge: Dodged            |       |       |     5 |     3 ||     8
Block: Shield            |    16 |    18 |    56 |    12 ||   102

Table legend:
 A = Non-vault XP
 B = Vault XP
 C = Vault XP percentage of total XP
 D = Non-vault monster count
 E = Vault monster count
 F = Vault count percentage of total count
                 A         B        C        D         E       F
            +---------+---------+-------+---------+---------+-------
      Total |       0 |    2628 | 100.0 |       0 |      24 | 100.0
            +---------+---------+-------+---------+---------+-------
          D |       0 |    2628 | 100.0 |       0 |      24 | 100.0
            +---------+---------+-------+---------+---------+-------
